[Event "December 12 Early 2023"]
[Site "https://www.chess.com"]
[Date "2023.12.12"]
[Round "8"]
[White "Nguyen, Ngoc Truong Son"]
[Black "Novozhilov, Semen"]
[Result "1/2-1/2"]
[Board "14"]
[TimeControl "180+1"]
[WhiteFideId "12401110"]
[BlackFideId "24289167"]
[WhiteElo "2948"]
[BlackElo "2760"]
[WhiteTeam "VIE"]
[BlackTeam "RUS"]
[WhiteClock "0:00:10"]
[BlackClock "0:00:20"]

1. d4 Nf6 2. c4 e6 3. Nc3 Bb4 4. e3 O-O 5. Bd2 c5 6. a3 Bxc3 7. Bxc3 Ne4 8. Rc1 d5 9. dxc5 dxc4 10. Qxd8 Rxd8 11. Bxc4 Nxc5 12. b4 Ne4 13. Nf3 Nxc3 14. Rxc3 b6 15. Ke2 Bb7 16. Rhc1 a5 17. Bb5 axb4 18. axb4 Na6 19. Rb1 Rac8 20. Rxc8 Rxc8 21. Ne1 Nc7 22. Bc4 Nd5 23. Bxd5 Bxd5 24. f3 f5 25. Rb2 Rc3 26. Kd2 Ra3 27. Nc2 Ra8 28. Rb1 Kf7 29. Ra1 Rxa1 30. Nxa1 e5 31. Nc2 Ke6 32. Ne1 g5 33. g3 f4 34. exf4 exf4 35. gxf4 gxf4 36. Kd3 Ke5 37. Kc3 Bc6 38. Nd3+ Kf5 39. Ne1 h5 40. h4 Ke5 41. Nd3+ Kf5 42. Ne1 Ke5 43. Nd3+ Kf5 44. Ne1 1/2-1/2

[Event "December 12 Early 2023"]
[Site "https://www.chess.com"]
[Date "2023.12.12"]
[Round "8"]
[White "Pakleza, Zbigniew"]
[Black "Sychev, Klementy"]
[Result "0-1"]
[Board "15"]
[TimeControl "180+1"]
[WhiteFideId "1119290"]
[BlackFideId "4114060"]
[WhiteElo "2719"]
[BlackElo "2939"]
[WhiteTeam "POL"]
[BlackTeam "FID"]
[WhiteClock "0:00:10"]
[BlackClock "0:00:11"]

1. d4 g6 2. Nf3 Bg7 3. Bf4 d6 4. e3 Nd7 5. h3 e5 6. Bh2 Nh6 7. Be2 O-O 8. O-O f5 9. c4 Kh8 10. Nc3 g5 11. dxe5 dxe5 12. Nd2 c6 13. e4 f4 14. b4 Nf6 15. c5 Qe8 16. f3 Qg6 17. Nc4 Nf7 18. Nd6 h5 19. Nxf7+ Rxf7 20. Qd6 Rd7 21. Qe6 Rd2 22. Qc4 g4 23. Kh1 Bd7 24. Rad1 Rxd1 25. Bxd1 Rg8 26. Qe2 Bf8 27. Bb3 Rg7 28. fxg4 hxg4 29. g3 gxh3 30. Rg1 Bg4 31. Qe1 Bf3+ 0-1

[Event "December 12 Early 2023"]
[Site "https://www.chess.com"]
[Date "2023.12.12"]
[Round "8"]
[White "Poormosavi, Seyed Kian"]
[Black "Pranav, V"]
[Result "0-1"]
[Board "16"]
[TimeControl "180+1"]
[WhiteFideId "12585807"]
[BlackFideId "25060783"]
[WhiteElo "2726"]
[BlackElo "3050"]
[WhiteTeam "IRI"]
[BlackTeam "IND"]
[WhiteClock "0:00:07"]
[BlackClock "0:00:04"]

1. Nf3 d5 2. g3 c5 3. Bg2 Nc6 4. d4 e6 5. O-O cxd4 6. Nxd4 Bc5 7. Nxc6 bxc6 8. c4 Nf6 9. Nc3 O-O 10. b3 Ba6 11. Na4 Bd6 12. Qc2 Rc8 13. Rd1 Qe7 14. Bb2 Rfd8 15. Rac1 e5 16. e3 h5 17. Qf5 g6 18. Qg5 Qe6 19. Qh4 Ng4 20. cxd5 cxd5 21. Rxc8 Rxc8 22. h3 Nf6 23. Nc3 d4 24. exd4 Be7 25. dxe5 Ng4 26. Bd5 Qb6 27. hxg4 Bxh4 28. gxh4 Bb7 29. gxh5 Rd8 30. hxg6 Qxg6+ 31. Kh2 Qh5 32. Bxf7+ Kxf7 33. Rxd8 Qxh4+ 0-1

[Event "December 12 Early 2023"]
[Site "https://www.chess.com"]
[Date "2023.12.12"]
[Round "8"]
[White "Wagh Suyog"]
[Black "Zemlyanskii, Ivan"]
[Result "0-1"]
[Board "17"]
[TimeControl "180+1"]
[WhiteFideId "25071688"]
[BlackFideId "24249971"]
[WhiteElo "2793"]
[BlackElo "3029"]
[WhiteTeam "IND"]
[BlackTeam "RUS"]
[WhiteClock "0:00:06"]
[BlackClock "0:00:14"]

1. e4 c5 2. Nf3 e6 3. d4 cxd4 4. Nxd4 Nf6 5. Bd3 Nc6 6. Nxc6 bxc6 7. O-O d5 8. Nc3 Be7 9. b3 O-O 10. Bb2 a5 11. Re1 Ba6 12. Rc1 Qb6 13. Na4 Qa7 14. c4 Rfd8 15. e5 Nd7 16. cxd5 cxd5 17. Bd4 Qb7 18. Bxa6 Rxa6 19. Qg4 Qb4 20. Qe2 Raa8 21. Bc3 Qb7 22. Qd2 Qa6 23. f4 g6 24. Rc2 Rdc8 25. Rec1 Ba3 26. Bb2 Bb4 27. Qf2 Rxc2 28. Qxc2 Nb6 29. Nxb6 Qxb6+ 30. Kh1 Qe3 31. Rf1 Rd8 32. Qc7 Rf8 33. a3 Qe2 34. Qc1 Bd2 35. Qb1 Rb8 36. Bd4 Rxb3 37. Qd1 Qxd1 38. Rxd1 Bxf4 39. a4 Be3 40. Bxe3 Rxe3 41. Rb1 Rxe5 42. Kg1 Re4 43. Ra1 Kg7 44. Kf2 g5 45. Kf3 h5 46. Ra3 Kg6 47. h3 f5 48. g3 h4 49. gxh4 Rxh4 50. Kg3 Kf6 51. Ra1 Rb4 52. Ra2 e5 53. Ra1 f4+ 54. Kg4 Rb3 55. Rc1 Rg3+ 56. Kh5 Rxh3+ 57. Kg4 Rg3+ 58. Kh5 Kf5 59. Rc8 Rh3# 0-1

[Event "December 12 Early 2023"]
[Site "https://www.chess.com"]
[Date "2023.12.12"]
[Round "8"]
[White "Khismatullin, Denis"]
[Black "Lysyj, Igor"]
[Result "0-1"]
[Board "18"]
[TimeControl "180+1"]
[WhiteFideId "4142578"]
[BlackFideId "4150120"]
[WhiteElo "2973"]
[BlackElo "2804"]
[WhiteTeam "RUS"]
[BlackTeam "FID"]
[WhiteClock "0:01:46"]
[BlackClock "0:02:16"]

1. e4 e5 2. Nf3 Nc6 3. Bb5 a6 4. Ba4 Nf6 5. d3 Bc5 6. c3 d6 7. O-O Ba7 8. Re1 O-O 9. h3 Nh5 10. Nbd2 Nf4 11. Nf1 Qf6 12. Be3 Kh8 13. Bxa7 Rxa7 14. Ng3 h5 15. Bxc6 bxc6 0-1

[Event "December 12 Early 2023"]
[Site "https://www.chess.com"]
[Date "2023.12.12"]
[Round "8"]
[White "Alexandre, Anne Shopie Elizabeth"]
[Black "Terry, Renato"]
[Result "1-0"]
[Board "19"]
[TimeControl "180+1"]
[WhiteFideId "11902418"]
[BlackFideId "3803457"]
[WhiteElo "2790"]
[BlackElo "2965"]
[WhiteTeam "HAI"]
[BlackTeam "PER"]
[WhiteClock "0:00:50"]
[BlackClock "0:00:00"]

1. e4 e6 2. d4 d5 3. Nc3 Nf6 4. e5 Nfd7 5. f4 c5 6. Nf3 Nc6 7. Be3 Be7 8. Qd2 O-O 9. Nd1 f6 10. c3 cxd4 11. cxd4 fxe5 12. fxe5 Nb6 13. Rc1 Bb4 14. Nc3 Na5 15. b3 Bd7 16. Bd3 Rc8 17. O-O Qe8 18. Qb2 Qh5 19. Ne2 Be7 20. Rxc8 Nxc8 21. Nf4 Qe8 22. Qc2 g6 23. h4 Nc6 24. Qd2 Qd8 25. g3 Qa5 26. Qg2 Nb4 27. Bb1 Qa6 28. Qd2 Nc6 29. Rf2 Qa5 30. Qc2 Nb4 31. Qc1 Qd8 32. Kg2 a5 33. a3 Nc6 34. Qc2 Qe8 35. h5 Rf5 36. hxg6 hxg6 37. g4 Rxf4 38. Bxf4 Kg7 39. Bc1 N8a7 40. a4 Nb4 41. Qd2 Qh8 42. Qf4 Be8 43. Kg1 Nac6 44. Rh2 g5 45. Rxh8 gxf4 46. Rxe8 Kf7 47. Rc8 Na6 48. g5 Bb4 49. g6+ Kg7 50. Bxf4 Bc3 51. Be3 Bb4 52. Ng5 1-0

[Event "December 12 Early 2023"]
[Site "https://www.chess.com"]
[Date "2023.12.12"]
[Round "8"]
[White "Ivic, Velimir"]
[Black "Mamedov, Edgar"]
[Result "0-1"]
[Board "20"]
[TimeControl "180+1"]
[WhiteFideId "950122"]
[BlackFideId "13739980"]
[WhiteElo "2949"]
[BlackElo "2785"]
[WhiteTeam "SRB"]
[BlackTeam "KAZ"]
[WhiteClock "0:00:09"]
[BlackClock "0:00:26"]

1. e4 c5 2. Nf3 e6 3. b3 Nc6 4. Bb2 d5 5. exd5 exd5 6. Bb5 Ne7 7. O-O f6 8. d4 a6 9. Bd3 cxd4 10. Nxd4 Nxd4 11. Bxd4 Nc6 12. Qh5+ g6 13. Bxg6+ hxg6 14. Qxg6+ Kd7 15. Bxf6 Be7 16. Bxh8 Qxh8 17. Nd2 Kc7 18. Nf3 Bd7 19. Rfe1 Rg8 20. Qf7 Bb4 21. Red1 d4 22. Rd3 Bd6 23. Rad1 Rg7 24. Qd5 Qh3 25. g3 Rh7 26. Rxd4 Nxd4 27. Rxd4 Rh6 28. Qf7 Bc5 29. Rc4 Kb6 30. Qd5 Rh5 31. Qg8 Bc6 32. Qd8+ Ka7 33. Qd3 Bxf3 34. Qxf3 Qxh2+ 35. Kf1 Qh3+ 36. Kg1 Re5 37. Re4 Rxe4 38. Qxe4 Qxg3+ 39. Kh1 Qxf2 40. Qg2 Qe1+ 41. Kh2 Qh4+ 42. Qh3 Bd6+ 43. Kg2 Qe4+ 44. Kg1 Qxc2 45. Qg2 Qxg2+ 46. Kxg2 Kb6 47. Kf2 Kc5 48. Ke3 Kb4 49. Ke4 Ka3 50. Kd5 0-1

[Event "December 12 Early 2023"]
[Site "https://www.chess.com"]
[Date "2023.12.12"]
[Round "8"]
[White "Zhigalko, Sergei"]
[Black "Goh, Wei Ming Kevin"]
[Result "1-0"]
[Board "21"]
[TimeControl "180+1"]
[WhiteFideId "13502956"]
[BlackFideId "5800706"]
[WhiteElo "2945"]
[BlackElo "2771"]
[WhiteTeam "BLR"]
[BlackTeam "SGP"]
[WhiteClock "0:00:05"]
[BlackClock "0:00:02"]

1. e4 c5 2. Nf3 d6 3. d4 cxd4 4. Qxd4 Nc6 5. Bb5 a6 6. Bxc6+ bxc6 7. c4 e5 8. Qd3 f6 9. O-O Ne7 10. Nc3 Be6 11. Rd1 Ng6 12. c5 dxc5 13. Qc2 Qc7 14. Be3 Be7 15. Na4 c4 16. Nd2 O-O 17. Nxc4 c5 18. Ncb6 Rab8 19. Nd5 Bxd5 20. exd5 Rfc8 21. Rac1 c4 22. Qf5 Qa5 23. Nb6 Rd8 24. d6 Bf8 25. Nxc4 Qxa2 26. d7 Qb3 27. Qe6+ Kh8 28. Bb6 Nf4 29. Qc6 Ne2+ 30. Kh1 Nxc1 31. Rxc1 Rxb6 32. Qxb6 Qxb6 33. Nxb6 Kg8 34. Rc8 Be7 35. g3 Kf7 36. Kg2 Ke6 37. Kf3 f5 38. b3 Kd6 39. Ke2 g5 40. Kd3 h5 41. f3 Ke6 42. Kc4 Kd6 43. Kc3 Ke6 44. Kc2 Kd6 45. Kd3 Ke6 46. h3 Kd6 47. Ke3 Ke6 48. g4 hxg4 49. hxg4 Bf6 50. Kd3 e4+ 51. fxe4 fxg4 52. Ke3 Be7 53. Rc6+ Kf7 54. e5 Rh8 55. e6+ Kf6 56. Nd5+ Ke5 57. Nxe7 Rh3+ 58. Kd2 Rh2+ 59. Kc3 1-0

[Event "December 12 Early 2023"]
[Site "https://www.chess.com"]
[Date "2023.12.12"]
[Round "8"]
[White "Chigaev, Maksim"]
[Black "Weetik, Vjacheslav"]
[Result "0-1"]
[Board "22"]
[TimeControl "180+1"]
[WhiteFideId "4108116"]
[BlackFideId "4153472"]
[WhiteElo "2920"]
[BlackElo "2763"]
[WhiteTeam "ESP"]
[BlackTeam "RUS"]
[WhiteClock "0:00:11"]
[BlackClock "0:00:43"]

1. d4 Nf6 2. c4 g6 3. Nc3 Bg7 4. e4 d6 5. Nf3 O-O 6. Be2 e5 7. O-O Na6 8. Re1 Bg4 9. d5 Nc5 10. Qc2 a5 11. Be3 b6 12. b3 Nh5 13. h3 Bc8 14. a3 f5 15. Nd2 Nf6 16. b4 f4 17. Bxc5 bxc5 18. bxc5 dxc5 19. Rab1 Rf7 20. Na4 Bf8 21. Nb3 Nd7 22. Bg4 f3 23. g3 Nf6 24. Bxf3 Bxh3 25. Nbxc5 Qe8 26. Bg2 Bc8 27. Nd3 h5 28. c5 h4 29. gxh4 Nh5 30. c6 Qe7 31. Nac5 Qxh4 32. Nxe5 Nf4 33. Rb3 Rh7 34. Ncd7 Qh2+ 0-1

[Event "December 12 Early 2023"]
[Site "https://www.chess.com"]
[Date "2023.12.12"]
[Round "8"]
[White "Kozak, Antoni"]
[Black "Indjic, Aleksandar"]
[Result "0-1"]
[Board "23"]
[TimeControl "180+1"]
[WhiteFideId "21832030"]
[BlackFideId "911925"]
[WhiteElo "2759"]
[BlackElo "2910"]
[WhiteTeam "POL"]
[BlackTeam "SRB"]
[WhiteClock "0:00:00"]
[BlackClock "0:01:29"]

1. Nf3 d5 2. e3 Nf6 3. c4 c6 4. Nc3 Nbd7 5. cxd5 cxd5 6. b3 e5 7. Bb2 a6 8. d4 e4 9. Ne5 Bd6 10. f4 exf3 11. Nxf3 O-O 12. Bd3 Re8 13. O-O b5 14. Qd2 Bb7 15. Kh1 Ne4 16. Qe1 Re6 17. Bxe4 dxe4 18. Ng1 Rh6 19. Nh3 Nf6 20. Ne2 Ng4 21. Nef4 g5 22. Qe2 Nxh2 23. Kxh2 gxf4 24. exf4 Qh4 25. Qe3 Bd5 26. Bc3 Kh8 27. Be1 Qh5 28. Bg3 Rg8 29. Rac1 Rhg6 30. Be1 Rxg2+ 31. Kh1 R8g3 32. Rc8+ Kg7 0-1

[Event "December 12 Early 2023"]
[Site "https://www.chess.com"]
[Date "2023.12.12"]
[Round "8"]
[White "Haug, Havard"]
[Black "Mitrabha, Guha"]
[Result "1-0"]
[Board "24"]
[TimeControl "180+1"]
[WhiteFideId "1547887"]
[BlackFideId "5057000"]
[WhiteElo "2755"]
[BlackElo "2909"]
[WhiteTeam "NOR"]
[BlackTeam "IND"]
[WhiteClock "0:00:11"]
[BlackClock "0:01:04"]

1. e4 c6 2. d4 d5 3. exd5 cxd5 4. Bd3 Nf6 5. h3 Nc6 6. Nf3 g6 7. O-O Bf5 8. Be2 e6 9. c3 h5 10. Ne5 Bd6 11. Bf4 Qc7 12. Re1 O-O 13. Bf1 Ne4 14. f3 Bxe5 15. Bxe5 Nxe5 16. fxe4 dxe4 17. dxe5 Qb6+ 18. Qd4 Qxb2 19. Nd2 Rfd8 20. Nc4 Qc2 21. Nd6 Rac8 22. Rac1 Qxa2 23. Qe3 Rc6 24. Qg5 Rf8 25. g4 hxg4 26. hxg4 Qa5 27. gxf5 Qxe5 28. Nxe4 exf5 29. Ng3 Qc5+ 30. Kh1 Kg7 31. Nh5+ Kh7 32. Bg2 Rb6 33. Ng3 Kg7 34. Nh5+ Kh7 35. Re3 gxh5 36. Rh3 Rh6 37. Rf1 Rg8 38. Qxf5+ Qxf5 39. Rxf5 Kg7 40. Bxb7 Rb8 41. Bd5 Rb1+ 42. Kg2 Rg6+ 43. Kf3 Rf1+ 44. Ke4 Rg4+ 45. Ke5 f6+ 46. Ke6 Re1+ 47. Kd6 h4 48. Rh5 Rd1 49. R5xh4 Rg5 50. c4 a5 51. Ra3 f5 52. Rxa5 Kf6 53. Ra7 Rg3 54. Rf7+ Kg6 55. Rhh7 Ra3 56. Rhg7+ Kh6 57. Rg2 Ra6+ 58. Ke5 Re1+ 59. Kxf5 Rf1+ 60. Ke5 Re1+ 61. Kd4 Rd1+ 62. Kc5 Ra5+ 63. Kb4 Raa1 64. Rf6+ Kh5 65. Bf3+ 1-0

[Event "December 12 Early 2023"]
[Site "https://www.chess.com"]
[Date "2023.12.12"]
[Round "8"]
[White "Atakhan, Abtin"]
[Black "Durarbayli, Vasif"]
[Result "1/2-1/2"]
[Board "25"]
[TimeControl "180+1"]
[WhiteFideId "22502203"]
[BlackFideId "13402935"]
[WhiteElo "2744"]
[BlackElo "2904"]
[WhiteTeam "IRI"]
[BlackTeam "AZE"]
[WhiteClock "0:00:04"]
[BlackClock "0:00:04"]

1. c4 c6 2. Nf3 d5 3. g3 Bg4 4. Bg2 Nd7 5. cxd5 cxd5 6. Qb3 Ngf6 7. h3 Bxf3 8. Bxf3 e6 9. d4 Qb6 10. Qxb6 Nxb6 11. e3 Rc8 12. Ke2 Ne4 13. Bxe4 dxe4 14. Nc3 f5 15. Bd2 Bb4 16. Rac1 Bxc3 17. Bxc3 Nd5 18. Bd2 Kd7 19. g4 Rxc1 20. Rxc1 Rc8 21. Bc3 b5 22. a3 g6 23. Kd2 Nb6 24. Rg1 a5 25. b3 b4 26. axb4 Nd5 27. Bb2 Nxb4 28. Bc3 Nc6 29. Ra1 Rb8 30. Kc2 Rb5 31. Ra4 Kc7 32. Rc4 Kb6 33. g5 Rd5 34. Ra4 Kb5 35. Rc4 Kb6 36. Ra4 Rd8 37. h4 Rc8 38. Kb2 Kb5 39. Rc4 Ne7 40. Ra4 Ra8 41. Rc4 Nd5 42. Rc5+ Kb6 43. Bd2 a4 44. bxa4 Rxa4 45. Rc8 Ra7 46. Re8 Re7 47. Rb8+ Kc6 48. Kc2 Ra7 49. Kd1 Ra1+ 50. Ke2 Rh1 51. Rc8+ Kd7 52. Ra8 Rxh4 53. Ra7+ Kc6 54. Rf7 Rh5 55. Bc1 Rxg5 56. Rxh7 Rg1 57. Bd2 g5 58. Rh6 Kd7 59. Rg6 g4 60. Rg7+ Ke8 61. Be1 Rh1 62. Rg8+ Kf7 63. Ra8 Rh2 64. Ra7+ Kf6 65. Kf1 Rh1+ 66. Ke2 Rh8 67. Ba5 Rb8 68. Bc7 Rb2+ 69. Kf1 Nc3 70. Be5+ Kg6 71. Rg7+ Kh6 72. Re7 Nd1 73. Rxe6+ Kh7 74. Re7+ Kg8 75. Bg3 Rb1 76. Kg2 Rb2 77. Bf4 Rxf2+ 78. Kg1 Rf3 79. d5 Nf2 80. d6 Nh3+ 81. Kg2 Nxf4+ 82. exf4 Kf8 83. Rh7 Rd3 84. d7 e3 85. Kf1 Rd2 86. Rh5 g3 87. Rxf5+ Ke7 88. Rg5 g2+ 89. Rxg2 Rxd7 90. Re2 Ke6 91. Rxe3+ Kf5 92. Rf3 Rd4 93. Kg2 Rxf4 94. Rxf4+ Kxf4 1/2-1/2

[Event "December 12 Early 2023"]
[Site "https://www.chess.com"]
[Date "2023.12.12"]
[Round "8"]
[White "Samunenkov, Ihor"]
[Black "Maksimovic, Bojan"]
[Result "1/2-1/2"]
[Board "26"]
[TimeControl "180+1"]
[WhiteFideId "14187086"]
[BlackFideId "14408120"]
[WhiteElo "2744"]
[BlackElo "2904"]
[WhiteTeam "UKR"]
[BlackTeam "BIH"]
[WhiteClock "0:00:04"]
[BlackClock "0:00:07"]

1. e4 a6 2. d4 e6 3. Nf3 d5 4. exd5 exd5 5. Bd3 Bd6 6. O-O Ne7 7. Re1 O-O 8. Nbd2 Bf5 9. Nf1 Nbc6 10. c3 Qd7 11. Ng3 Bxd3 12. Qxd3 f6 13. Nh4 Rae8 14. Bd2 Bxg3 15. Qxg3 Nd8 16. Re2 Nf5 17. Nxf5 Rxe2 18. Qg4 Re6 19. c4 c6 20. c5 Kh8 21. h4 Re4 22. Qf3 Ne6 23. Be3 g6 24. Nd6 Rxh4 25. Rd1 f5 26. g3 Rh5 27. Bf4 Kg8 28. b4 Qe7 29. Qe3 Qd7 30. Re1 Nd8 31. Qe7 Qxe7 32. Rxe7 g5 33. Be5 Nf7 34. Nxf5 Nxe5 35. Rxe5 Kf7 36. g4 Rh3 37. Re7+ Kg6 38. Rxb7 Ra3 39. Rb6 Rf6 40. b5 cxb5 41. Ne7+ Kf7 42. Nxd5 Rg6 43. c6 Rxa2 44. c7 Rc2 45. Rb8 Rgc6 46. Nb4 Rxc7 47. Nxc2 Rxc2 48. Rb7+ Ke6 49. Rb6+ Kd5 50. Rxa6 b4 51. Ra5+ Kc4 52. Kg2 Kxd4 53. Rxg5 Rc5 54. Rg7 b3 55. Rxh7 Kc4 56. Rh1 b2 57. f4 Kb3 58. Rb1 Rc1 59. Rxb2+ Kxb2 60. Kf3 Kc3 61. Ke4 Kc4 62. Ke5 Kc5 63. Ke6 Kc6 64. g5 Re1+ 65. Kf7 Rf1 66. g6 Rxf4+ 67. Ke6 Rg4 68. Kf6 Kd6 69. g7 Rf4+ 70. Kg6 Ke7 71. g8=Q Rg4+ 72. Kh7 Rh4+ 73. Kg7 Rg4+ 74. Kh7 Rh4+ 75. Kg7 Rg4+ 76. Kh7 1/2-1/2

[Event "December 12 Early 2023"]
[Site "https://www.chess.com"]
[Date "2023.12.12"]
[Round "8"]
[White "Mindlin, Alon"]
[Black "Harsha Bharathakoti"]
[Result "0-1"]
[Board "27"]
[TimeControl "180+1"]
[WhiteFideId "2800071"]
[BlackFideId "5078776"]
[WhiteElo "2740"]
[BlackElo "2896"]
[WhiteTeam "ISR"]
[BlackTeam "IND"]
[WhiteClock "0:01:23"]
[BlackClock "0:01:27"]

1. d4 d5 2. c4 e6 3. Nc3 a6 4. c5 b6 5. cxb6 c5 6. e3 Nd7 7. Nf3 Qxb6 8. Bd3 Ngf6 9. O-O Bb7 10. b3 cxd4 11. exd4 Bd6 12. Bb2 O-O 13. Na4 Qd8 14. Ne5 Ne4 15. Nxd7 Qxd7 16. Nb6 Bxh2+ 17. Kh1 Qd8 18. Bxe4 Qh4 19. Qf3 Bg3+ 0-1

[Event "December 12 Early 2023"]
[Site "https://www.chess.com"]
[Date "2023.12.12"]
[Round "8"]
[White "Krzyzanowski, Marcin"]
[Black "Rasulov, Vugar"]
[Result "0-1"]
[Board "28"]
[TimeControl "180+1"]
[WhiteFideId "1132199"]
[BlackFideId "13402390"]
[WhiteElo "2735"]
[BlackElo "2895"]
[WhiteTeam "POL"]
[BlackTeam "AZE"]
[WhiteClock "0:00:01"]
[BlackClock "0:00:17"]

1. Nf3 Nf6 2. g3 b6 3. Bg2 Bb7 4. O-O g6 5. c4 Bg7 6. Nc3 O-O 7. Re1 d6 8. d4 Ne4 9. Nxe4 Bxe4 10. Bf4 c5 11. Be3 Nc6 12. d5 Na5 13. b3 a6 14. Rc1 b5 15. Qd2 bxc4 16. bxc4 Rb8 17. Bh6 Rb2 18. Qf4 Bxf3 19. Bxf3 Be5 20. Qh4 Bf6 21. Qe4 Re8 22. h4 Rxa2 23. Rb1 Ra4 24. Rec1 Rb4 25. Bd2 Qb6 26. Bxb4 cxb4 27. h5 Nb7 28. hxg6 hxg6 29. Kg2 Nc5 30. Qf4 a5 31. Rh1 Nd7 32. Rh3 Qd4 33. e4 Ne5 34. Rbh1 Nxf3 35. Qxf3 a4 36. g4 Qe5 37. Qe3 g5 38. Rh6 Qf4 39. Qxf4 gxf4 40. Kf3 a3 41. g5 Bg7 42. R6h3 a2 43. Kxf4 a1=Q 44. Rxa1 Bxa1 45. Kf5 Rb8 46. f4 b3 47. e5 b2 48. e6 b1=Q+ 49. Kg4 Qd1+ 50. Kf5 Qc2+ 51. Kg4 Qe2+ 52. Kf5 fxe6+ 53. dxe6 Rf8+ 54. Kg6 Qxe6+ 55. Kh5 Qxh3+ 56. Kg6 Qf5+ 57. Kh6 Bg7+ 58. Kh5 Kf7 59. Kh4 Rh8+ 0-1

[Event "December 12 Early 2023"]
[Site "https://www.chess.com"]
[Date "2023.12.12"]
[Round "8"]
[White "Galchenko, Matvey"]
[Black "Arslanov, Shamil"]
[Result "1-0"]
[Board "29"]
[TimeControl "180+1"]
[WhiteFideId "24175480"]
[BlackFideId "4192826"]
[WhiteElo "2884"]
[BlackElo "2733"]
[WhiteTeam "FID"]
[BlackTeam "RUS"]
[WhiteClock "0:00:25"]
[BlackClock "0:00:04"]

1. e4 d6 2. d4 e5 3. Nf3 Bg4 4. dxe5 Nc6 5. exd6 Bxd6 6. Be2 Qe7 7. Bg5 f6 8. Be3 Qxe4 9. Nc3 Qe7 10. h3 Be6 11. Nd4 Nxd4 12. Qxd4 Be5 13. Qa4+ c6 14. O-O Nh6 15. Ne4 Nf5 16. Bc5 Qc7 17. f4 Bd6 18. Nxd6+ Nxd6 19. f5 Nxf5 20. Bg4 g6 21. Rae1 Kf7 22. Rxf5 Bxf5 23. Qc4+ Kg7 24. Re7+ Qxe7 25. Bxe7 Bxg4 26. Qxg4 Rhe8 27. Qe6 f5 28. Qf6+ Kg8 29. h4 Rac8 30. Bc5 Rc7 31. Bd4 Rce7 32. Qh8+ Kf7 33. Qxh7+ Ke6 34. Qxg6+ Kd5 35. Bc3 Ke4 36. h5 Re6 37. Qg5 f4 38. h6 f3 39. Qg4+ Kd5 40. Qxf3+ Kc4 41. Qd3+ Kc5 42. Qd4+ Kb5 43. Qb4+ Ka6 44. Qa5# 1-0

[Event "December 12 Early 2023"]
[Site "https://www.chess.com"]
[Date "2023.12.12"]
[Round "8"]
[White "Makhnev, Denis"]
[Black "Demchenko, Anton"]
[Result "0-1"]
[Board "30"]
[TimeControl "180+1"]
[WhiteFideId "13707647"]
[BlackFideId "4160258"]
[WhiteElo "2702"]
[BlackElo "2883"]
[WhiteTeam "KAZ"]
[BlackTeam "SLO"]
[WhiteClock "0:00:02"]
[BlackClock "0:00:18"]

1. Nf3 Nf6 2. c4 d6 3. Nc3 e5 4. g3 g6 5. Bg2 Bg7 6. O-O O-O 7. Rb1 a5 8. a3 h6 9. b4 axb4 10. axb4 Be6 11. d3 Nbd7 12. Bb2 c6 13. Ra1 Qc7 14. Qd2 Rxa1 15. Rxa1 d5 16. c5 d4 17. Ne4 Nxe4 18. dxe4 b6 19. e3 bxc5 20. bxc5 dxe3 21. Qxe3 Rb8 22. Bc3 Bf8 23. Rc1 Kh7 24. Bd2 Rb5 25. Bf1 Rb3 26. Rc3 Rb1 27. Kg2 Qc8 28. Bc4 Qe8 29. Qd3 Ra1 30. Be3 Ra4 31. Bb3 Ra5 32. Bxe6 Qxe6 33. Qd2 Rb5 34. Rd3 Nxc5 35. Rd8 Nxe4 36. Qd3 Rd5 0-1

[Event "December 12 Early 2023"]
[Site "https://www.chess.com"]
[Date "2023.12.12"]
[Round "8"]
[White "Bacrot, Etienne"]
[Black "DHLT216"]
[Result "0-1"]
[Board "31"]
[TimeControl "180+1"]
[WhiteFideId "605506"]
[WhiteElo "2855"]
[BlackElo "2657"]
[WhiteTeam "FRA"]
[WhiteClock "0:00:01"]
[BlackClock "0:00:04"]

1. e4 c5 2. Nf3 d6 3. d4 cxd4 4. Nxd4 Nf6 5. Nc3 a6 6. Be3 e5 7. Nb3 Be6 8. h3 Nbd7 9. Qf3 b5 10. O-O-O Be7 11. g4 b4 12. Nd5 Bxd5 13. exd5 O-O 14. g5 Ne8 15. h4 a5 16. Kb1 a4 17. Nd2 f5 18. gxf6 Nexf6 19. Bh3 a3 20. b3 Qc7 21. Nc4 e4 22. Qg3 Ne5 23. Be6+ Kh8 24. Bd4 Nh5 25. Qe3 Nxc4 26. bxc4 Bf6 27. Bxf6 Rxf6 28. Rd4 Raf8 29. Rxe4 Rxf2 30. Re1 R2f3 31. Qd2 Nf6 32. R4e2 Rc3 33. Rg2 Qxc4 34. Rxg7 Kxg7 35. Rg1+ Ng4 36. Qg5+ Kh8 37. Bxg4 Rf1+ 38. Bd1 Rxg1 39. Qf6+ Kg8 40. Qe6+ Kf8 41. Qf6+ Ke8 42. Qe6+ Kd8 43. Qf6+ Kc7 44. Qf7+ Kb6 45. Qf2+ Qc5 46. Qe2 Rxd1+ 0-1

[Event "December 12 Early 2023"]
[Site "https://www.chess.com"]
[Date "2023.12.12"]
[Round "8"]
[White "Corrales Jimenez, Fidel"]
[Black "Kokoszczynski, Jan"]
[Result "0-1"]
[Board "32"]
[TimeControl "180+1"]
[WhiteFideId "3506690"]
[BlackFideId "1174460"]
[WhiteElo "2848"]
[BlackElo "2642"]
[WhiteTeam "USA"]
[BlackTeam "POL"]
[WhiteClock "0:00:12"]
[BlackClock "0:00:09"]

1. e4 c5 2. Nf3 d6 3. d4 cxd4 4. Nxd4 Nf6 5. Nc3 g6 6. Be3 Bg7 7. Qd2 O-O 8. f3 Nc6 9. O-O-O d5 10. exd5 Nxd5 11. Nxc6 bxc6 12. Bd4 e5 13. Bc5 Re8 14. Ne4 Qc7 15. g4 Be6 16. h4 h6 17. g5 h5 18. Bc4 Rad8 19. Bb3 Nf4 20. Bd6 Qb6 21. Kb1 Bd5 22. c4 Bxe4+ 23. fxe4 c5 24. Ba4 Re6 25. Bxc5 Rxd2 26. Bxb6 Rxd1+ 27. Rxd1 axb6 28. Rd2 f6 29. c5 bxc5 30. Bb3 fxg5 31. a4 c4 32. Bxc4 gxh4 33. a5 Bf8 34. Rd8 Kg7 35. Bxe6 Nxe6 36. Rc8 Bc5 37. a6 h3 38. Rxc5 Nxc5 39. a7 h2 40. a8=Q h1=Q+ 41. Ka2 Qxe4 42. Qa7+ Nb7 43. Qb6 h4 44. Qc7+ Kh6 45. Qe7 Qa4+ 46. Kb1 Qd1+ 47. Ka2 Qd5+ 48. b3 Nd6 49. Qxh4+ Kg7 50. Qe7+ Nf7 51. Qh4 e4 52. Qe1 Nd6 53. Qc3+ Kf7 54. Qc7+ Kf6 55. Qc3+ Qe5 56. Qe3 Nb5 57. Qb6+ Kf5 58. Qf2+ Ke6 59. Qb6+ Nd6 60. Qe3 Qa5+ 61. Kb2 Qd5 62. Ka2 Qd3 63. Qg5 e3 64. Qg4+ Qf5 65. Qe2 Qe5 66. Qg4+ Kf7 67. Qf3+ Kg7 68. Qe2 Nb5 69. Qe1 e2 70. b4 Nd4 71. Kb2 Nf3+ 72. Qc3 Qxc3+ 73. Kxc3 e1=Q+ 74. Kc4 Qxb4+ 75. Kxb4 Kf6 76. Kc3 Kf5 77. Kd3 Kf4 78. Ke2 g5 79. Kf2 g4 80. Kg2 Ne5 81. Kf2 Ng6 82. Kg2 Ne7 83. Kf2 Nf5 84. Kg2 Ne3+ 85. Kf2 g3+ 86. Kg1 Kf3 87. Kh1 Nd5 88. Kg1 Nf4 89. Kf1 g2+ 90. Ke1 Ke3 91. Kd1 Kd3 92. Kc1 Kc3 93. Kb1 g1=Q+ 94. Ka2 Qh1 95. Ka3 Qa8# 0-1

[Event "December 12 Early 2023"]
[Site "https://www.chess.com"]
[Date "2023.12.12"]
[Round "8"]
[White "Manukyan, Sargis A."]
[Black "Putnam, Liam"]
[Result "1-0"]
[Board "33"]
[TimeControl "180+1"]
[WhiteFideId "13303970"]
[BlackFideId "30938279"]
[WhiteElo "2640"]
[BlackElo "2847"]
[WhiteTeam "ARM"]
[BlackTeam "USA"]
[WhiteClock "0:00:19"]
[BlackClock "0:00:07"]

1. d4 g6 2. c4 Bg7 3. Nc3 d6 4. Nf3 Nc6 5. Bf4 Nf6 6. e3 O-O 7. Be2 Nd7 8. Bg3 e5 9. d5 Ne7 10. Nd2 f5 11. f4 exf4 12. exf4 Nc5 13. O-O c6 14. dxc6 Nxc6 15. Bf3 Kh8 16. Nb3 Nxb3 17. axb3 Nd4 18. Bd5 Qb6 19. Bf2 a6 20. Kh1 Bd7 21. Ne2 Qxb3 22. Bxd4 Qb4 23. Bxg7+ Kxg7 24. Qd4+ Rf6 25. Ng3 Re8 26. Qc3 Qc5 27. Bxb7 Re3 28. Qa5 Qxc4 29. Bxa6 Qd4 30. Rad1 Qxb2 31. Qc7 Rf7 32. Qxd6 Kh6 33. Bc4 Rfe7 34. Qd4 Qb7 35. Bd5 Qa6 36. Qh8 Re8 37. Qb2 R8e7 38. Qb8 Re8 39. Qc7 R3e7 40. Qc3 Ba4 41. Ra1 Ra7 42. Rxa4 Qxa4 43. Qf6 Qc2 44. Be4 Qxe4 45. Nxe4 Rxe4 46. Qf8+ Kh5 47. h3 Rae7 48. Kh2 Re3 49. Rf2 R3e4 50. Qf6 Kh6 51. g4 Re3 52. Qf8+ Rg7 53. g5+ Kh5 54. Qxg7 1-0